 Dungeon Crawl Stone Soup version 0.19.0-24-gb05acd6 (webtiles) character file.

198 Monsterracer the Poker (level 5, 0/38 HPs)
             Began as a Merfolk Skald on Nov 21, 2016.
             Succumbed to an adder's poison
             ... on level 4 of the Dungeon.
             The game lasted 00:09:23 (3540 turns).

Monsterracer the Poker (Merfolk Skald)              Turns: 3540, Time: 00:09:24

Health: 0/38       AC:  4    Str: 11 (12) XL:     5   Next: 76%
Magic:  4/9        EV: 11    Int: 16 (17) God:
Gold:   247        SH:  0    Dex: 12 (14) Spells: 3 memorised, 4 levels left

rFire  . . .     SeeInvis .     a - +0 spear
rCold  . . .     Gourm    .     b - +0 leather armour
rNeg   . . .     Faith    .     (no shield)
rPois  .         Spirit   .     s - -1 helmet "Vozxytt" {rElec} (curse)
rElec  +         Reflect  .     (no cloak)
rCorr  +         Harm     .     f - +0 pair of gloves
MR     .....                    (no boots)
Stlth  +.........               (no amulet)
                                (no ring)
                                q - ring of resist corrosion

@: brilliant, lethally poisoned (0 -> -3), singing
A: change form in water, swift swim, stealthy swim
a: Stop Singing


You were on level 4 of the Dungeon.
You were hungry.

You visited 1 branch of the dungeon, and saw 4 of its levels.

You collected 247 gold pieces.

Inventory:

Hand Weapons
 a - a +0 spear (weapon)
Armour
 b - a +0 leather armour (worn)
 f - a +0 pair of gloves (worn)
 s - the cursed -1 helmet "Vozxytt" (worn) {rElec}
   (You found it on level 4 of the Dungeon)

   It insulates you from electricity.
   It has a curse placed upon it.
Jewellery
 q - a ring of resist corrosion (left hand)
Scrolls
 e - a scroll of fog {unknown}
 h - 2 scrolls of magic mapping {unknown}
 i - 3 scrolls of remove curse {unknown}
 j - a scroll of noise {unknown}
 l - a scroll of immolation {unknown}
 m - 2 scrolls of amnesia {unknown}
 n - a scroll of random uselessness {unknown}
 o - 4 scrolls of identify {unknown}
 p - 3 scrolls of teleportation {unknown}
 u - 2 scrolls of enchant armour {unknown}
Books
 c - a book of Battle

   Spells                             Type                      Level
   a - Infusion                       Charms                       1
   b - Shroud of Golubria             Charms/Translocation         2
   c - Song of Slaying                Charms                       2
   d - Spectral Weapon                Hexes/Charms                 3
   e - Regeneration                   Charms/Necromancy            3
Comestibles
 d - 5 bread rations
 g - a beef jerky
 r - a meat ration
 t - 3 chunks of flesh


   Skills:
 - Level 2.1 Fighting
 * Level 6.2 Polearms
 - Level 0.6 Armour
 - Level 1.3 Dodging
 + Level 2.6 Spellcasting
 * Level 4.9 Charms


You had 4 spell levels left.
You knew the following spells:

 Your Spells              Type           Power        Failure   Level  Hunger
a - Infusion              Chrm           ####         1%          1    #......
b - Song of Slaying       Chrm           ####....     1%          2    ##.....
c - Shroud of Golubria    Chrm/Tloc      ###.......   1%          2    ##.....


Dungeon Overview and Level Annotations

Branches:
Dungeon (4/15)
 Temple: D:4-7

Altars:
Ashenzari


Message History

The leopard gecko skeleton moves out of view.
The adder skeleton barely misses you.
The orc priest miscasts a cantrip.
You hit the orc priest but do no damage.
The orc priest is almost dead.
Your shroud bends the adder's attack away.
The adder skeleton barely misses you.
You closely miss the orc priest.
The orc priest is almost dead.
You feel sick. The adder barely misses you.
Your shroud bends the orc priest's attack away.
The adder skeleton bites you.
* * * LOW HITPOINT WARNING * * *
Your shroud falls apart!
You aren't carrying any potions.
The adder barely misses you.
You barely miss the adder. The adder skeleton bites you.
* * * LOW HITPOINT WARNING * * *
The adder closely misses you.
You die...

###.# #....# #...#.#.#
#.## #..... ...#......#
#..# #....# #.#........#
##.# #...# ..#.#......#
#.# #..## ..# . .# #.#
#..##.##... ....##.##
#..Zo......
##.....######..So......
.>.............@.#w......
.#######......#.##..###.#
###......# ..# ####...#
Z## ###..... #.....
####.. ..


You could see 2 orc priests, an adder and an adder skeleton.

Vanquished Creatures
  A howler monkey (D:4)
  Ijyb (D:2)
  4 adders
  An adder skeleton (D:4)
  4 worms
  3 dart slugs
  4 leopard geckos
  3 orcs (D:4)
  7 giant cockroaches
  4 goblins
  9 hobgoblins
  A quokka (D:3)
  9 bats
  8 frilled lizards
  7 kobolds
  A leopard gecko skeleton (D:4)
  2 quokka skeletons (D:4)
  6 rats
75 creatures vanquished.

Notes
Turn   | Place    | Note
-------+----------+-------------------------------------------
     0 | D:1      | Monsterracer the Merfolk Skald began the quest for the Orb.
     0 | D:1      | Reached XP level 1. HP: 16/16 MP: 3/3
   582 | D:1      | Reached XP level 2. HP: 22/22 MP: 5/5
   602 | D:1      | Learned a level 2 spell: Song of Slaying
   639 | D:1      | Learned a level 2 spell: Shroud of Golubria
   785 | D:1      | Reached skill level 4 in Polearms
   819 | D:1      | Found a shattered altar of Ashenzari.
   926 | D:1      | Reached XP level 3. HP: 26/27 MP: 6/6
  1574 | D:2      | Reached XP level 4. HP: 25/33 MP: 7/7
  1678 | D:2      | Noticed Ijyb
  1682 | D:2      | Killed Ijyb
  1682 | D:2      | Reached skill level 5 in Polearms
  2152 | D:3      | Reached XP level 5. HP: 25/38 MP: 1/8
  3103 | D:4      | Reached skill level 6 in Polearms
  3396 | D:4      | Got a steaming helmet
  3402 | D:4      | Identified the cursed -1 helmet "Vozxytt" {rElec} (You found it on level 4 of the Dungeon)
  3537 | D:4      | HP: 1/38 [adder skeleton (3)]
  3540 | D:4      | Succumbed to an adder's poison

Skill      XL: |  1  2  3  4  5 |
---------------+----------------+-----
Polearms       | 4 5 6 |  6.2
Charms         | 4 |  4.9
Fighting       | |  2.1
Armour         | |  0.6
Dodging        | |  1.3
Spellcasting   | |  2.6

Action                   |  1- 3 |  4- 6 || total
-------------------------+-------+-------++-------
Melee: Spear             |   117 |   211 ||   328
 Cast: Song of Slaying   |     1 |     2 ||     3
       Infusion          |     1 |       ||     1
       Shroud of Golubri |     1 |     7 ||     8
  Use: Potion            |     4 |     4 ||     8
 Stab: Sleeping          |     1 |     1 ||     2
       Invisible         |     3 |       ||     3
  Eat: Chunk             |     2 |     7 ||     9
Armor: Leather armour    |    15 |    49 ||    64
Dodge: Dodged            |    46 |   112 ||   158
